 Dungeon Crawl Stone Soup version 0.30-a0-591-g3c58d2bc28 (webtiles) character file.

Game seed: 1369801906559283076

66594 Jaime2 the Protected (level 14, -18/132 HPs)
             Began as a Minotaur Berserker on Jan 4, 2023.
             Was a High Priest of Trog.
             Blown up by an orb spider (61 damage)
             ... with an orb of destruction
             ... on level 1 of the Spider Nest on Jan 5, 2023.
             The game lasted 01:36:52 (22050 turns).

Jaime2 the Protected (Minotaur Berserker)          Turns: 22050, Time: 01:36:52

Health: -18/132    AC: 20    Str: 25    XL:     14   Next: 79%
Magic:  0/13       EV: 16    Int:  6    God:    Trog [*****.]
Gold:   1276       SH:  7    Dex: 19    Spells: 13/13 levels left

rFire   . . .      SeeInvis .    N - +9 trident of Ahav {vamp, rCorr Str+4 Int+2 Dex+3}
rCold   . . .      Faith    .    C - +0 buckler
rNeg    . . .      Spirit   +    c - +0 plate armour
rPois   +          Reflect  .    K - +0 hat
rElec   .          Harm     .    (no cloak)
rCorr   +          Rampage  .    F - +2 pair of gloves
Will    +....                    (no boots) Stlth
                                 i - amulet of guardian spirit
HPRegen 0.42/turn                k - +5 ring of evasion
MPRegen 0.13/turn                j - ring of poison resistance

@: on berserk cooldown, hasted and slowed
A: horns 2, retaliatory headbutt
a: Renounce Religion, Berserk, Trog's Hand, Brothers in Arms


You were on level 1 of the Spider Nest.
You worshipped Trog.
Trog was extremely pleased with you.
You visited 4 branches of the dungeon, and saw 19 of its levels.
You also visited: Bailey.

You collected 1647 gold pieces.
You spent 371 gold pieces at shops.

Inventory:

Hand Weapons
 f - a +3 dagger of freezing
 v - a +3 halberd of draining
 A - a +4 falchion of freezing
 N - the +9 trident of Ahav (weapon) {vamp, rCorr Str+4 Int+2 Dex+3}
   (You found it on level 1 of the Lair of Beasts)

   Str:       It affects your strength (+4).
   Int:       It affects your intelligence (+2).
   Dex:       It affects your dexterity (+3).
   rCorr:     It protects you from acid and corrosion.
 W - a +2 demon trident of venom
Armour
 c - a +0 plate armour (worn)
 o - +3 acid dragon scales
 C - a +0 buckler (worn)
 F - a +2 pair of gloves (worn)
 G - the +1 leather armour "Fedier" {rPois rC+ rCorr Dex+2}
   (You found it on level 9 of the Dungeon)

   Dex:       It affects your dexterity (+2).
   rC:        It protects you from cold.
   rPois:     It protects you from poison.
   rCorr:     It protects you from acid and corrosion.
 K - a +0 hat (worn)
Jewellery
 h - a ring of ice
 i - an amulet of guardian spirit (around neck)
 j - a ring of poison resistance (right hand)
 k - a +5 ring of evasion (left hand)
 m - a ring of resist corrosion
 D - a ring of flight
 I - a ring of resist corrosion
 J - an amulet of faith
 O - a ring of protection from fire
Wands
 y - a wand of flame (21)
 z - a wand of polymorph (10)
 L - a wand of roots (9)
 P - a wand of charming (10)
 Q - a wand of digging (4)
Scrolls
 b - 4 scrolls of fog
 n - 3 scrolls of teleportation
 r - a scroll of poison
 H - a scroll of magic mapping
 V - 2 scrolls of enchant weapon
Potions
 d - 7 potions of might
 g - 4 potions of cancellation
 l - 5 potions of curing
 p - 4 potions of brilliance
 q - 2 potions of invisibility
 s - 3 potions of flight
 u - 4 potions of magic
 x - 3 potions of resistance
 R - a potion of lignification {unknown}
 T - a potion of ambrosia {unknown}
Miscellaneous
 t - a piece from Xom's chessboard (15/15)


   Skills:
 + Level 14.2 Fighting
 + Level 9.9(11.3) Short Blades
 + Level 9.6(11.7) Long Blades
 + Level 5.2(10.5) Axes
 + Level 14.1(14.5) Polearms
 + Level 14.7 Armour
 + Level 7.7 Dodging
 + Level 4.9 Stealth
 + Level 9.6 Shields


You had 13 spell levels left.
You didn't know any spells.
Your spell library was empty.

Dungeon Overview and Level Annotations

Branches:
Dungeon (11/15)            Temple (0/1) D:7            Lair (5/5) D:10
  Swamp (0/4) Lair:3       Spider (1/4) Lair:3        Slime (0/5) Lair:4
    Orc (2/2) D:11            Elf (0/3) Orc:2        Bailey (visited)

Altars:
Ashenzari
Elyvilon
Fedhas
Kikubaaqudgha
Makhleb
Okawaru
Qazlal
Uskayaw
Xom
Jiyva

Shops:
D:6 *[**   D:9 =   D:10 :(=[*   Orc:2 ::[(

Portals:
Hell: Lair:5


Innate Abilities, Weirdness & Mutations

You have a pair of horns on your head.
You reflexively headbutt those who attack you in melee.


Message History

The wolf spider hits you but does no damage.
The wolf spider bites you but does no damage.
The tarantella simulacrum hits you. The tarantella simulacrum freezes you!
* * * LOW HITPOINT WARNING * * *
You feel yourself speed up.
You feel less confused.
The wolf spider hits you but does no damage.
The wolf spider barely misses you. The tarantella simulacrum misses you.
The wolf spider hits you.
* * * LOW HITPOINT WARNING * * *
You block the wolf spider's attack.
The tarantella simulacrum closely misses you.
The wolf spider misses you. The wolf spider closely misses you.
You impale the tarantella simulacrum!!
The tarantella simulacrum vaporises!
The wolf spider hits you but does no damage.
The wolf spider bites you but does no damage.
You puncture the wolf spider!
You feel better.
Your headbutt misses the wolf spider.
The wolf spider is lightly wounded.
The wolf spider closely misses you. You furiously retaliate!
You headbutt the wolf spider!
The wolf spider bites you but does no damage.
You impale the wolf spider!!
The wolf spider is severely wounded.
You impale the wolf spider!!
You kill the wolf spider!
Trog accepts your kill.
A freezing mist starts to gather...
A wolf spider simulacrum comes into view.
The orb spider weaves a glowing orb of energy.
An orb of destruction comes into view.
The wavering orb of destruction hits the wolf spider simulacrum!!
The wolf spider simulacrum vaporises!
The orb spider pulsates with a strange energy.
The orb spider weaves a glowing orb of energy.
An orb of destruction comes into view.
The orb spider pulsates with a strange energy.
The orb of destruction hits you!!!
You die...

..#.........:...#...
.......†........#.#
.........[.......#
..##.....s.......# ..
#......○......# .
#........°°...#
#........^.○○.#
#...........☼.# #
#........)..#@####.####.
#...........##..<........
#....###..^#...†..##.####
..... ##.#..#...##
#....##### .....## .....#
......# ....


You could see an orb spider (soul bound, charged).

Vanquished Creatures
  Jorgrun (Orc:2)
  Gastronok (Lair:1)
  Fannar (Lair:1)
  4 hydras
  2 catoblepae
  2 two-headed ogres
  A boulder beetle (Lair:3)
  4 death yaks
  3 orc high priests (Orc:2)
  Sonja (Lair:1)
  5 skeletal warriors (D:11)
  Amaemon (Lair:2)
  A sixfirhy (Lair:5)
  A pharaoh ant (Spider:1)
  2 bog bodies (Lair:3)
  A steelbarb worm (Spider:1)
  Pikel (D:9)
  A lindwurm (Lair:4)
  A wizard (Lair:5)
  5 orc knights (Orc:2)
  2 wolf spiders (Spider:1)
  A cyclops (D:11)
  3 orc sorcerers (Orc:2)
  An oklob plant (D:11)
  5 black mambas
  2 torpor snails
  A smoke demon (Lair:5)
  4 orange demons
  Joseph (D:9)
  A gargoyle (D:11)
  10 cane toads
  Maggie (D:7)
  4 rime drakes
  A yaktaur (shapeshifter) (D:11)
  2 ice devils (Lair:5)
  10 komodo dragons
  2 polar bears
  A red devil (Lair:5)
  4 trolls
  A tarantella (Spider:1)
  22 blink frogs
  2 slime creatures (Lair:4)
  2 culicivoras (Spider:1)
  6 wyverns
  61 yaks
  A wraith (D:9)
  2 steam dragons
  7 basilisks
  A warg (Orc:1)
  A swamp worm (Lair:3)
  An acid dragon (D:10)
  4 hell hounds (Lair:5)
  33 water moccasins
  18 orc warriors
  3 sky beasts
  3 black bears (D:7)
  3 ogres
  4 ice beasts
  6 wolves (Lair:3)
  2 centaurs
  A phantom (D:5)
  2 lemures (D:9)
  3 kobold brigands
  10 bullfrogs
  3 gnoll sergeants
  8 scorpions
  6 wights
  15 killer bees
  4 electric eels
  2 hounds
  21 orc priests
  A gnoll bouda (D:8)
  10 jellies
  3 iguanas
  Jessica (D:3)
  21 orc wizards
  7 hell rats (Lair:5)
  36 gnolls
  6 adders
  3 white imps
  2 ufetubi
  A worm (D:2)
  4 dart slugs
  61 orcs
  23 endoplasms
  3 giant cockroaches
  7 goblins
  7 hobgoblins
  3 jackals (D:1)
  5 quokkas
  6 ball pythons
  4 bats
  2 frilled lizards
  18 kobolds
  4 rats
  2 butterflies (D:8)
593 creatures vanquished.

Vanquished Creatures (collateral kills)
  An orc sorcerer (Orc:2)
  A lemure (D:9)
  An orc wizard (Orc:2)
3 creatures vanquished.

Vanquished Creatures (others)
  A tarantella (Spider:1)
  A wolf (Lair:3)
  A quokka (D:10)
  A bush (D:5)
  33 fungi
  89 plants
126 creatures vanquished.

Grand Total: 722 creatures vanquished

Notes
Turn   | Place    | Note
-------+----------+-------------------------------------------
     0 | D:1      | Jaime2 the Minotaur Berserker began the quest for the Orb.
     0 | D:1      | Reached XP level 1. HP: 19/19 MP: 0/0
   111 | D:1      | Reached XP level 2. HP: 27/27 MP: 1/1
   378 | D:1      | Reached ** piety under Trog
   514 | D:1      | Reached XP level 3. HP: 15/33 MP: 2/2
   980 | D:2      | Reached XP level 4. HP: 41/41 MP: 3/3
  1476 | D:3      | Noticed Jessica
  1483 | D:3      | Killed Jessica
  1490 | D:3      | Reached skill level 1 in Short Blades
  1638 | D:3      | Reached XP level 5. HP: 47/47 MP: 4/4
  1811 | D:3      | Found a hide-covered altar of Uskayaw.
  1817 | D:3      | You fall into a shaft and drop 2 floors!
  1817 | D:5      | Entered Level 5 of the Dungeon
  1831 | D:4      | Reached skill level 1 in Stealth
  2001 | D:3      | Found a blossoming altar of Fedhas.
  2002 | D:3      | Found a stormy altar of Qazlal.
  2052 | D:3      | Reached skill level 5 in Axes
  2130 | D:3      | Found a faded altar of an unknown god.
  2164 | D:3      | Found an ancient bone altar of Kikubaaqudgha.
  2232 | D:4      | Reached XP level 6. HP: 45/55 MP: 5/5
  2471 | D:4      | Reached *** piety under Trog
  2545 | D:4      | Found a broken altar of Ashenzari.
  2546 | D:4      | Found an iron altar of Okawaru.
  2756 | D:4      | Reached skill level 5 in Fighting
  2968 | D:4      | Identified the +12 short sword of Pojig {pain, Int+3}
  3309 | D:5      | Reached XP level 7. HP: 48/61 MP: 6/6
  4769 | D:6      | Reached skill level 5 in Short Blades
  4769 | D:6      | Reached skill level 5 in Dodging
  4769 | D:6      | Reached XP level 8. HP: 30/70 MP: 7/7
  5145 | D:6      | Found Siuw's Assorted Antiques.
  5385 | D:6      | Found Vaekh's General Store.
  5463 | D:6      | Found Vuef's Antique Armour Emporium.
  5598 | D:6      | Found Owo Ohof's Assorted Antiques.
  5791 | D:7      | Noticed Maggie
  5810 | D:7      | Killed Maggie
  5811 | D:7      | Reached skill level 5 in Armour
  5979 | D:7      | Reached XP level 9. HP: 78/78 MP: 6/8
  6055 | D:7      | Noticed a troll
  6075 | D:7      | Killed a troll
  6140 | D:7      | Found an ancient bone altar of Kikubaaqudgha.
  6197 | D:7      | Found a staircase to the Ecumenical Temple.
  6203 | D:7      | Found a shimmering altar of Xom.
  6226 | D:7      | Noticed a komodo dragon
  6243 | D:7      | Killed a komodo dragon
  6504 | D:7      | Reached **** piety under Trog
  7065 | D:7      | Reached XP level 10. HP: 86/88 MP: 9/9
  7535 | D:8      | Found a shimmering altar of Xom.
  7546 | D:8      | Found a flagged portal.
  7568 | Bailey   | Entered a bailey
  7620 | Bailey   | Reached ***** piety under Trog
  7745 | Bailey   | Received a gift from Trog
  8710 | D:9      | Noticed Pikel
  8711 | D:9      | Noticed Joseph
  8725 | D:9      | Killed Pikel
  8726 | D:9      | Reached skill level 1 in Long Blades
  8726 | D:9      | Killed Joseph
  8780 | D:9      | Found Wuwure Zuc's Jewellery Shoppe.
  8818 | D:9      | Noticed a two-headed ogre
  8835 | D:9      | Killed a two-headed ogre
  9033 | D:9      | Bought a ring of flight for 245 gold pieces
  9286 | D:9      | Identified the +1 leather armour "Fedier" {rPois rC+ rCorr
                  | Dex+2}
  9468 | D:10     | Entered Level 10 of the Dungeon
 10043 | D:10     | Reached XP level 11. HP: 94/99 MP: 10/10
 10137 | D:10     | Reached skill level 5 in Long Blades
 10166 | D:10     | Found Madad's General Store.
 10172 | D:10     | Reached skill level 1 in Shields
 10173 | D:10     | Found Orchimegu's Armour Boutique.
 10178 | D:10     | Bought a +1 pair of gloves for 126 gold pieces
 10200 | D:10     | Found a white marble altar of Elyvilon.
 10513 | D:10     | Reached skill level 10 in Fighting
 10522 | D:10     | Found a staircase to the Lair.
 10600 | D:10     | Found Woalaxab's Jewellery Boutique.
 10613 | D:10     | Found Xintipsa's Antique Weapon Emporium.
 10694 | D:10     | Found Roha's Book Emporium.
 10913 | Lair:1   | Entered Level 1 of the Lair of Beasts
 10933 | D:10     | Reached skill level 10 in Armour
 11125 | Lair:1   | Noticed Gastronok
 11156 | Lair:1   | Killed Gastronok
 11755 | Lair:1   | Noticed Sonja
 11769 | Lair:1   | Killed Sonja
 11932 | Lair:1   | Noticed Fannar
 11972 | Lair:1   | Killed Fannar
 12305 | Lair:1   | Identified the +9 trident of Ahav {vamp, rCorr Str+4 Int+2
                  | Dex+3}
 12419 | Lair:2   | Reached XP level 12. HP: 108/108 MP: 9/11
 12544 | Lair:2   | You fall into a shaft and drop 1 floor!
 12609 | Lair:2   | Noticed Amaemon
 12647 | Lair:2   | Killed Amaemon
 12648 | Lair:2   | Reached skill level 1 in Polearms
 13691 | Lair:3   | Found a hole to the Spider Nest.
 13697 | Lair:3   | Reached skill level 5 in Shields
 14045 | Lair:3   | Reached skill level 5 in Polearms
 14129 | Lair:3   | Noticed a boulder beetle
 14142 | Lair:3   | Killed a boulder beetle
 14362 | Lair:3   | Noticed a five-headed hydra
 14382 | Lair:3   | Killed a five-headed hydra
 14917 | Lair:3   | Found a staircase to the Swamp.
 15205 | Lair:3   | Reached XP level 13. HP: 71/117 MP: 6/12
 15716 | Lair:4   | Found a staircase to the Slime Pits.
 15825 | Lair:4   | Found a viscous altar of Jiyva.
 16626 | Lair:5   | Entered Level 5 of the Lair of Beasts
 16646 | Lair:5   | Reached skill level 10 in Polearms
 16727 | Lair:5   | Received a gift from Trog
 17958 | Lair:5   | Reached XP level 14. HP: 127/127 MP: 13/13
 18051 | Lair:5   | Found a burning altar of Makhleb.
 18400 | Lair:5   | Found a gateway to Hell.
 19491 | D:11     | Found a staircase to the Orcish Mines.
 19856 | Orc:1    | Entered Level 1 of the Orcish Mines
 19967 | Orc:1    | Received a gift from Trog
 20174 | Orc:1    | You fall into a shaft and drop 1 floor!
 20174 | Orc:2    | Entered Level 2 of the Orcish Mines
 20260 | Orc:2    | Noticed Jorgrun
 20270 | Orc:2    | Killed Jorgrun
 21237 | Orc:2    | Found Belem's Weapon Emporium.
 21237 | Orc:2    | Found Temuzuto's Armour Emporium.
 21253 | Orc:2    | Found Toypn's Book Shop.
 21253 | Orc:2    | Found Wipter's Book Shop.
 21416 | Orc:2    | Found a staircase to the Elven Halls.
 21936 | Spider:1 | Entered Level 1 of the Spider Nest
 22050 | Spider:1 | Blown up by an orb spider

Illustrated notes

Levels and vault maps discovered:
D:1:      eino_arrival_druids_welcome, layout_loops_ring
D:2:      layout_basic
D:3:      layout_rooms, eat_drink_and_be_merry_uskayaw,
          nicolae_overflow_hidden_temple, basic_ecumenical_altar,
          minmay_unequal, uniq_jessica
D:4:      layout_basic, gammafunk_temple_overflow_pools,
          kennysheep_cluttered_room
D:5:      layout_basic, kb_lookout_dungeons_type
D:6:      layout_basic, serial_shops, nicolae_stop_n_shop_1, shop, shop,
          kennysheep_little_box
D:7:      layout_loops_corners, minmay_temple_entry_junction, minmay_holes,
          hangedman_feature_mirror, minmay_fractal_squares_5, uniq_maggie
D:8:      layout_basic, xom_butterflies, enter_bailey_6
D:9:      layout_big_octagon, serial_shops, shop_fountains, uniq_joseph,
          uniq_pikel
D:10:     layout_layer_cave, elyvilon_altar_4, minmay_lair_entry_grove,
          serial_shops, shop, shop, shop, nicolae_square_shop,
          nicolae_shop_statue_plus, st_stairs_12,
          nicolae_concentric_dashed_squares_wild
D:11:     lemuel_slime, layout_layer_cave, david_orc_3
Lair:1:   layout_concentric_octagons, beast_lair_carwin_4, uniq_gastronok,
          uniq_fannar, uniq_sonja
Lair:2:   layout_roguey, eino_small_chamber_without_monster, grunt_megastairs_1,
          uniq_amaemon
Lair:3:   layout_cave_pods, nicolae_swamp_entry_splash_gauntlet,
          dummy_spider_entry, nzn_sisyphean_effort, lemuel_fruit_tree,
          infiniplex_staircase_pool
Lair:4:   layout_loops_ring, minmay_slime_entry_pillars, serial_bayou,
          serial_bayou_pond_a, serial_bayou_pond_b, serial_bayou_crossing,
          serial_bayou_ford_a, nicolae_lair_yak_garden
Lair:5:   evil_forest, layout_gridlike, patterned_corridor
Spider:1: layout_chambers, hangedman_spider_tarantella_strand
Orc:1:    layout_diamond_mine, ebering_ghost_xom
Orc:2:    st_orc_elflike, layout_diamond_mine, basic_altar,
          gauntlet_entry_generic, uniq_jorgrun

Skill      XL: |  1  2  3  4  5  6  7  8  9 10 11 12 13 14 |
---------------+-------------------------------------------+-----
Axes           | 4 5 |  5.2
Fighting       | 4 5 6 8 9 10 11 12 14 | 14.2
Armour         | 3 5 7 9 11 12 14 | 14.7
Dodging        | 3 4 5 6 7 |  7.7
Short Blades   | 1 3 5 7 8 9 |  9.9
Stealth        | 1 2 3 4 |  4.9
Long Blades    | 4 9 |  9.6
Shields        | 3 6 7 9 |  9.6
Polearms       | 8 12 14 | 14.1

Action                   |  1- 3 |  4- 6 |  7- 9 | 10-12 | 13-15 || total
-------------------------+-------+-------+-------+-------+-------++-------
Melee: Hand axe          |    32 |       |       |       |       ||    32
       Headbutt          |     7 |    19 |    81 |   196 |   228 ||   531
       Dagger            |    33 |   111 |   349 |   162 |       ||   655
       Punch             |     1 |     1 |     3 |     3 |       ||     8
       Falchion          |       |       |       |   334 |       ||   334
       Trident           |       |       |       |   262 |   846 ||  1108
Invok: Berserk           |       |       |     5 |    10 |     6 ||    21
       Brothers in Arms  |       |       |       |     2 |     1 ||     3
       Trog's Hand       |       |       |       |     1 |       ||     1
  Use: Scroll            |       |     8 |     5 |     6 |    10 ||    29
       Potion            |       |       |     2 |       |     7 ||     9
 Stab: Sleeping          |     2 |     3 |     3 |       |       ||     8
       Distracted        |       |       |       |     1 |       ||     1
       Invisible         |       |       |       |       |     2 ||     2
Armor: Animal skin       |    10 |     3 |       |       |       ||    13
       Leather armour    |       |       |     2 |       |       ||     2
       Chain mail        |       |       |    22 |       |       ||    22
       Acid dragon scale |       |       |    32 |     4 |       ||    36
       Plate armour      |       |       |       |   289 |   311 ||   600
Dodge: Dodged            |    56 |    85 |   228 |   586 |   450 ||  1405
Block: Buckler           |       |       |       |   160 |   231 ||   391

Table legend: (Time is in decaauts)
 A = Elapsed time spent in this place.
 B = Non-inter-level travel time spent in this place.
 C = Inter-level travel time spent in this place.
 D = Time resting spent in this place.
 E = Time spent auto-exploring this place.
 F = Levels seen in this place.
 G = Mean time per level.
                   A        B        C        D        E       F      G
               +--------+--------+--------+--------+--------+-----+--------+
         Total |  21795 |  21138 |    657 |   4698 |  10050 |  20 | 1089.8 |
       Dungeon |  11766 |  11451 |    315 |   2004 |   6245 |  11 | 1069.6 |
          Lair |   7591 |   7363 |    228 |   2166 |   3216 |   5 | 1518.2 |
   Spider Nest |     99 |     99 |      0 |     14 |      0 |   1 |   99.0 |
  Orcish Mines |   1899 |   1786 |    113 |    399 |    540 |   2 |  949.5 |
        Bailey |    438 |    438 |      0 |    114 |     49 |   1 |  438.0 |
               +--------+--------+--------+--------+--------+-----+--------+

Top non-repeatable levels by time:
  Lair:5: 1830 daAuts
  Lair:3: 1789 daAuts
     D:5: 1422 daAuts
     D:7: 1380 daAuts
  Lair:1: 1379 daAuts
  Lair:2: 1352 daAuts
    D:10: 1303 daAuts
  Lair:4: 1239 daAuts
    D:11: 1219 daAuts
   Orc:2: 1209 daAuts
     D:9: 1164 daAuts
     D:6: 1162 daAuts
     D:4: 1063 daAuts
     D:8: 940 daAuts
     D:2: 727 daAuts
